 Dungeon Crawl Stone Soup version 0.22-a0-815-gb582571 (webtiles) character file.

253 iamserjio the Chiller (level 6, -2/63 HPs)
             Began as a Barachi Ice Elementalist on July 23, 2018.
             Slain by an ice beast (6 damage)
             ... on level 4 of the Dungeon.
             The game lasted 00:09:09 (1228 turns).

iamserjio the Chiller (Barachi Ice Elementalist)    Turns: 1228, Time: 00:09:09

Health: -2/63      AC:  3    Str: 14    XL:     6   Next: 14%
Magic:  4/12       EV: 12    Int: 17    God:
Gold:   140        SH:  0    Dex: 13    Spells: 3/13 levels left

rFire    . . .     SeeInvis .   n - +0 spear (curse)
rCold    . . .     Gourm    .   (no shield)
rNeg     . . .     Faith    .   a - +0 robe
rPois    .         Spirit   .   (no helmet)
rElec    .         Reflect  .   g - +0 cloak
rCorr    .         Harm     .   (no gloves)
MR       .....                  (no boots)
Stlth    ..........             (no amulet)
HPRegen  0.20/turn              (no ring)
MPRegen  0.13/turn              (no ring)

@: berserking, very slightly contaminated, quick
A: +LOS, swims, slowness 1, strong legs 1
a: Hop


You were on level 4 of the Dungeon.
You were hungry.

You visited 1 branch of the dungeon, and saw 4 of its levels.

You collected 140 gold pieces.

Inventory:

Hand Weapons
 b - a +0 hunting sling
 d - a +0 club
 f - a +0 mace of protection
 h - a +0 dagger of venom
 j - a +0 short sword
 n - a cursed +0 spear (weapon)
Missiles
 e - 6 javelins of returning (quivered)
 k - 6 curare-tipped needles {!f}
 r - 25 arrows
 s - 11 sling bullets
Armour
 a - a +0 robe (worn)
 g - a +0 cloak (worn)
Scrolls
 i - 2 scrolls of magic mapping {unknown}
 l - 2 scrolls of enchant weapon {unknown}
 p - 2 scrolls of identify {unknown}
Potions
 o - a potion of berserk rage
 q - a potion of haste {unknown}
Comestibles
 c - 4 rations
 m - 5 chunks of flesh


   Skills:
 + Level 0.3 Fighting
 + Level 2.2 Dodging
 - Level 1.7 Stealth
 - Level 4.0 Spellcasting
 + Level 3.3 Conjurations
 * Level 0.9 Summonings
 + Level 5.6 Ice Magic


You had 3 spell levels left.
You knew the following spells:

 Your Spells              Type           Power        Failure   Level  Hunger
a - Freeze                Ice            ###.         1%          1    None
b - Throw Frost           Conj/Ice       ###...       3%          2    ##.....
c - Summon Ice Beast      Ice/Summ       ##......     38%         4    ####...
d - Ozocubu's Armour      Chrm/Ice       ##......     16%         3    ###....

Your spell library contained the following spells:

 Spells                   Type           Power        Failure   Level  Hunger
 Throw Icicle             Conj/Ice       ###.....     26%         4    ####...


Dungeon Overview and Level Annotations

Branches:
Dungeon (4/15)
 Temple: D:4-7

Altars:


Innate Abilities, Weirdness & Mutations

Shadows flee at your approach. (+LOS)
You can swim through water.
You cover ground slowly.
You can hop short distances.


Message History

Your ice beast hits the ice beast.
Your ice beast freezes the ice beast.
The ice beast completely resists.
It was a potion of berserk rage.
A red film seems to cover your vision as you go berserk!
You feel yourself moving faster!
You feel mighty! The ice beast barely misses you.
Your ice beast hits the ice beast.
Your ice beast freezes the ice beast.
The ice beast completely resists.
You barely miss the ice beast.
The ice beast is lightly wounded.
You hit the ice beast.
The ice beast is moderately wounded.
The ice beast hits you. The ice beast freezes you!
* * * LOW HITPOINT WARNING * * *
Your ice beast barely misses the ice beast.
You puncture the ice beast!
The ice beast is severely wounded.
The ice beast hits you.
* * * LOW HITPOINT WARNING * * *
The ice beast freezes you.
You die...

.#.[....
.#......
........
..>.....
........
###........
##Y†........
##.Y#........
##.@###.......
#####).##
#......
####.....###
#.....
...........##
#.>..
#####.......##
##..
##.......### .
#.........##
#........<.##
#.#.........##


You could see an ice beast and a friendly ice beast.

Vanquished Creatures
  An ogre (D:3)
  2 orc wizards (D:2)
  5 adders
  3 worms
  A dart slug (D:1)
  2 orcs (D:2)
  5 bats
  3 giant cockroaches
  3 goblins (D:1)
  2 hobgoblins
  5 jackals
  3 frilled lizards
  3 kobolds
  A leopard gecko skeleton (D:4)
  5 rats
44 creatures vanquished.

Vanquished Creatures (collateral kills)
  3 gnolls (D:4)
3 creatures vanquished.

Grand Total: 47 creatures vanquished

Notes
Turn   | Place    | Note
-------+----------+-------------------------------------------
     0 | D:1      | iamserjio the Barachi Ice Elementalist began the quest for the Orb.
     0 | D:1      | Reached XP level 1. HP: 13/13 MP: 3/3
   117 | D:1      | Reached XP level 2. HP: 18/19 MP: 0/5
   119 | D:1      | Reached skill level 4 in Ice Magic
   268 | D:1      | Learned a level 2 spell: Throw Frost
   349 | D:1      | Reached XP level 3. HP: 19/24 MP: 0/7
   565 | D:2      | Reached XP level 4. HP: 19/30 MP: 1/8
   629 | D:2      | Reached skill level 5 in Ice Magic
   629 | D:2      | Reached XP level 5. HP: 29/35 MP: 6/10
   927 | D:3      | Noticed an ogre
   933 | D:3      | Killed an ogre
   943 | D:3      | Learned a level 4 spell: Summon Ice Beast
   947 | D:3      | Learned a level 3 spell: Ozocubu's Armour
  1067 | D:3      | Reached XP level 6. HP: 8/41 MP: 7/12
  1215 | D:4      | Noticed an ice beast
  1228 | D:4      | Slain by an ice beast

Vault maps used:
D:1:      nagdon_arrival_double_spiral, minivault_24
D:2:      led_sif_pool, serial_park_tiny_pond

Skill      XL: |  1  2  3  4  5 |
---------------+----------------+-----
Ice Magic      | 4 5 |  5.6
Spellcasting   | 3 4 |  4.0
Conjurations   | 2 3 |  3.3
Fighting       | |  0.3
Dodging        | |  2.2
Stealth        | |  1.7
Summonings     | |  0.9

Action                   |  1- 3 |  4- 6 || total
-------------------------+-------+-------++-------
Melee: Club              |    25 |       ||    25
       Spear             |     9 |    32 ||    41
 Cast: Freeze            |    36 |    24 ||    60
       Throw Frost       |       |     9 ||     9
       Summon Ice Beast  |       |     2 ||     2
  Use: Potion            |       |     3 ||     3
 Stab: Sleeping          |       |     2 ||     2
  Eat: Chunk             |       |     2 ||     2
Armor: Robe              |    17 |    12 ||    29
       Skin              |       |     8 ||     8
Dodge: Dodged            |    47 |    21 ||    68

Table legend:
 A = Spawn XP
 B = Non-spawn XP
 C = Spawn XP percentage of total XP
 D = Spawn monster count
 E = Non-spawn monster count
 F = Spawn count percentage of total count
 G = Total turns spent on level
                    A         B        C        D         E        F      G
               +---------+---------+-------+---------+---------+-------+---------
         Total |       0 |     362 |   0.0 |       0 |      47 |   0.0 |  1228
               +---------+---------+-------+---------+---------+-------+---------
           D:1 |       0 |      29 |   0.0 |       0 |      16 |   0.0 |   386
           D:2 |       0 |     143 |   0.0 |       0 |      16 |   0.0 |   295
           D:3 |       0 |     168 |   0.0 |       0 |      11 |   0.0 |   497
           D:4 |       0 |      22 |   0.0 |       0 |       4 |   0.0 |    50
               +---------+---------+-------+---------+---------+-------+---------
